 Dungeon Crawl Stone Soup version 0.28.0-49-g6dfe1f597d (webtiles) character file.

Game seed: 17476142423062275069

58 klau3 the Skirmisher (level 3, -8/34 HPs)
             Began as a Minotaur Berserker on May 19, 2022.
             Was a Believer of Trog.
             Killed from afar by an orc wizard (10 damage)
             ... with a puff of flame
             ... on level 3 of the Dungeon.
             The game lasted 00:01:33 (1235 turns).

klau3 the Skirmisher (Minotaur Berserker)           Turns: 1235, Time: 00:01:34

Health: -8/34      AC:  2    Str: 21    XL:     3   Next: 76%
Magic:  2/2        EV: 12    Int:  4    God:    Trog [**....]
Gold:   20         SH:  0    Dex: 11    Spells: 2/2 levels left

rFire   . . .      SeeInvis .   a - +0 hand axe
rCold   . . .      Faith    .   (no shield)
rNeg    . . .      Spirit   .   b - +0 animal skin
rPois   .          Reflect  .   (helmet restricted)
rElec   .          Harm     .   (no cloak)
rCorr   .          Rampage  .   (no gloves)
Will    .....                   (no boots)
Stlth   +.........              (no amulet)
HPRegen 0.11/turn               (no ring)
MPRegen 0.08/turn               (no ring)

@: on berserk cooldown, slowed, very slow
A: horns 2, retaliatory headbutt
a: Renounce Religion, Berserk, Trog's Hand


You were on level 3 of the Dungeon.
You worshipped Trog.
Trog was pleased with you.
You visited 1 branch of the dungeon, and saw 3 of its levels.

You collected 20 gold pieces.

Inventory:

Hand Weapons
 a - a +0 hand axe (weapon)
Armour
 b - a +0 animal skin (worn)
Scrolls
 c - 2 scrolls of fear {unknown}
 f - a scroll of identify {unknown}
Potions
 d - a potion of might {unknown}
 e - a potion of curing {unknown}


   Skills:
 + Level 4.6 Fighting
 + Level 4.4 Axes
 + Level 2.8 Armour
 + Level 2.5 Dodging
 + Level 0.1 Stealth


You had 2 spell levels left.
You didn't know any spells.
Your spell library was empty.

Dungeon Overview and Level Annotations

Branches:
Dungeon (2/15)

Altars:


Innate Abilities, Weirdness & Mutations

You have a pair of horns on your head.
You reflexively headbutt those who attack you in melee.


Message History

The orc wizard is severely wounded.
You hit the orc but do no damage. The orc closely misses you.
You furiously retaliate!
You headbutt the orc!
You kill the orc!
Trog accepts your kill.
The orc wizard mumbles some strange words.
The orc wizard flickers and vanishes!
Deactivating autopickup; reactivate with Ctrl-A.
You completely miss something. You headbutt something. Something hits you.
You slash the orc!
You kill the orc!
Trog accepts your kill.
You can now call upon Trog for regeneration and willpower.
You closely miss something. Something hits you.
You hit the orc. You headbutt the orc.
You kill the orc!
Trog accepts your kill.
You hit something but do no damage.
You hear some strange, mumbled words.
A puff of flame appears from out of thin air!
The puff of flame misses you.
You hear some strange, mumbled words.
A puff of flame appears from out of thin air!
The puff of flame hits you!
* * * LOW HITPOINT WARNING * * *
You hit something.
You hear some strange, mumbled words.
A magic dart appears from out of thin air!
The magic dart hits you.
* * * LOW HITPOINT WARNING * * *
Something hits you.
* * * LOW HITPOINT WARNING * * *
You barely miss something. You hit the worm.
Something hits you but does no damage. The worm misses you.
You barely miss the worm. Your headbutt misses the worm. You miss something.
Something hits you but does no damage. The worm barely misses you.
You hear some strange, mumbled words.
A puff of flame appears from out of thin air!
The puff of flame hits you!
You die...

...# #.#
#.# ..# #.#
#.# ..# #.#
#.# ..# #.#
#.# #.# #.#
#.# #.# #.#
#.. #.# #.#
###
#w#######.#
#@{.......#
###########


You could see a worm.

Vanquished Creatures
  2 adders (D:3)
  6 orcs (D:3)
  4 ball pythons
  3 bats (D:1)
  An endoplasm (D:1)
  2 giant cockroaches
  4 goblins (D:1)
  3 hobgoblins (D:1)
  A quokka (D:1)
  5 rats
  2 toadstools (D:1)
33 creatures vanquished.

Vanquished Creatures (others)
  2 toadstools (D:1)
2 creatures vanquished.

Grand Total: 35 creatures vanquished

Notes
Turn   | Place    | Note
-------+----------+-------------------------------------------
     0 | D:1      | klau3 the Minotaur Berserker began the quest for the Orb.
     0 | D:1      | Reached XP level 1. HP: 19/19 MP: 0/0
   142 | D:1      | Reached XP level 2. HP: 26/27 MP: 1/1
   458 | D:1      | Found a faded altar of an unknown god.
   832 | D:2      | You fall into a shaft and drop 1 floor!
   848 | D:3      | Reached XP level 3. HP: 27/34 MP: 2/2
  1055 | D:3      | Reached ** piety under Trog
  1235 | D:3      | Killed from afar by an orc wizard

Illustrated notes

Levels and vault maps discovered:
D:1:      ldierk_water_garden, layout_rooms,
          shapermc_ecumenical_altar_flowoftime
D:2:      layout_basic, minivault_23, corexii_corridor_pit,
          minmay_joined_circles
D:3:      layout_basic, kennysheep_doodads

Skill      XL: |  1  2 |
---------------+-------+-----
Fighting       | 4 |  4.6
Axes           | 4 |  4.4
Armour         | |  2.8
Dodging        | |  2.5
Stealth        | |  0.1

Action                   || total
-------------------------++-------
Melee: Hand axe          ||    64
       Headbutt          ||     9
Invok: Berserk           ||     1
Armor: Animal skin       ||     9
Dodge: Dodged            ||    50
